 Dungeon Crawl Stone Soup version 0.29.1-15-g9cfb28693d (webtiles) character file.

Game seed: 14218085115767573600

233 croobank the Sneak (level 6, -2/43 HPs)
             Began as an Octopode Delver on Feb 27, 2023.
             Killed from afar by an orc wizard (5 damage)
             ... with a magic dart
             ... on level 4 of the Dungeon.
             The game lasted 00:02:17 (825 turns).

croobank the Sneak (Octopode Delver)                 Turns: 825, Time: 00:02:17

Health: -2/43      AC:  1    Str: 11    XL:     6   Next: 4%
Magic:  6/6        EV: 14    Int: 14    God:
Gold:   36         SH:  0    Dex: 14    Spells: 5/5 levels left

rFire   . . .      SeeInvis .   a - +0 hand axe
rCold   . . .      Faith    .   (no shield)
rNeg    . . .      Spirit   .   (helmet restricted)
rPois   .          Reflect  .   (no amulet)
rElec   .          Harm     .   (no ring)
rCorr   .          Rampage  .   (no ring)
Will    .....                   (no ring)
Stlth   +++++.....              (no ring)
HPRegen 0.14/turn               (no ring)
MPRegen 0.10/turn               (no ring)
                                (no ring)
                                (no ring)

@: mighty, hasted, invisible, very quick
A: almost no armour, amphibious, 8 rings, camouflage 1, gelatinous body 1,
(nimble swimmer 1), tentacles
a: no special abilities


You were on level 4 of the Dungeon.
You visited 1 branch of the dungeon, and saw 3 of its levels.

You collected 36 gold pieces.

Inventory:

Hand Weapons
 a - a +0 hand axe (weapon)
Wands
 f - a wand of digging (3)
Scrolls
 b - a scroll of fog
 c - a scroll of magic mapping
 g - a scroll of enchant weapon {unknown}
Potions
 h - a potion of invisibility


   Skills:
 + Level 4.1 Fighting
 + Level 3.4 Axes
 + Level 3.4 Dodging
 + Level 7.8 Stealth


You had 5 spell levels left.
You didn't know any spells.
Your spell library was empty.

Dungeon Overview and Level Annotations

Branches:
Dungeon (6/15)
 Temple: D:4-7

Altars:

Annotations:
D:5 3 runed translucent doors


Innate Abilities, Weirdness & Mutations

You cannot wear most types of armour.
You are amphibious.
You can wear up to eight rings at the same time.
Your skin changes colour to match your surroundings (Stealth+).
Your rubbery body absorbs attacks. (AC +1, EV +1)
((You are camouflaged when in or above water. (Stealth+)))
You have tentacles for arms and can constrict up to eight enemies at once.


Message History

The orc wizard flickers and vanishes!
Deactivating autopickup; reactivate with Ctrl-A.
You hit the orc.
You kill the orc!
The orc misses you. The orc hits you with a +0 trident!
Things that are here:
a +0 club; a +0 leather armour You barely miss the orc.
You grab the orc. Your squeeze misses the orc. You constrict the orc.
You hit the orc. You squeeze the orc.
You kill the orc!
You hit the goblin. Your grab misses the goblin.
Your squeeze misses the goblin.
The goblin is moderately wounded.
The goblin hits you with a +0 club.
You slash the goblin!
You kill the goblin!
The hobgoblin hits you.
Things that are here:
a +0 club; a +0 leather armour You hit the hobgoblin but do no damage.
Your grab misses the hobgoblin. The hobgoblin closely misses you.
It was a potion of might.
You feel very mighty all of a sudden.
You slash the hobgoblin!
You kill the hobgoblin!
You closely miss something. Something hits you.
* * * LOW HITPOINT WARNING * * *
You closely miss something. Your squeeze misses something.
You closely miss something. Something hits you.
* * * LOW HITPOINT WARNING * * *
You miss something. Your squeeze misses something. Something barely misses you.
You hit something. Something hits you.
* * * LOW HITPOINT WARNING * * *
It was a potion of invisibility.
You fade into invisibility!
A magic dart appears from out of thin air!
The magic dart hits you.
You die...

#... ....# #.#
#.#.###g#.# #.#
.........###.# #
#.###g#.. ...
###.#.#:#.#.# #.######
...#.###.#.# #.##...##
#...?..)..###.##.....
##.#.#.###.#.....##...##
.......@){S..#.#.....##
##########.....#######
####### ######


You could see an adder (unable to see you).

Vanquished Creatures
  A black bear (D:4)
  A phantom (D:5)
  A scorpion (D:4)
  An ufetubus (D:6)
  3 orcs
  A ball python (D:4)
  An endoplasm (D:4)
  2 hobgoblins (D:4)
  A quokka (D:4)
  2 goblins (D:4)
14 creatures vanquished.

Notes
Turn   | Place    | Note
-------+----------+-------------------------------------------
     0 | D:5      | croobank the Octopode Delver began the quest for the Orb.
     0 | D:5      | Reached XP level 1. HP: 16/16 MP: 1/1
    32 | D:6      | Noticed a phantom
    37 | D:6      | Noticed an iguana
    39 | D:6      | Noticed a bullfrog
    46 | D:6      | Noticed a gnoll sergeant
    60 | D:5      | Noticed a phantom
    80 | D:5      | Reached XP level 2. HP: 13/21 MP: 2/2
    87 | D:5      | Killed a phantom
    88 | D:5      | Reached skill level 7 in Stealth
    88 | D:5      | Reached XP level 3. HP: 15/26 MP: 3/3
    88 | D:5      | Reached XP level 4. HP: 18/31 MP: 4/4
   197 | D:5      | Found a runed translucent gate.
   197 | D:5      | Found a runed translucent gate.
   200 | D:5      | Found a runed translucent gate.
   220 | D:4      | Noticed a black bear
   227 | D:4      | Killed a black bear
   228 | D:4      | Reached XP level 5. HP: 16/37 MP: 5/5
   721 | D:4      | Reached XP level 6. HP: 39/43 MP: 6/6
   825 | D:4      | Killed from afar by an orc wizard

Illustrated notes

Levels and vault maps discovered:
D:4:      layout_loops_corners, minmay_surrounded, uniq_robin
D:5:      layout_basic, temple_fountains, gammafunk_ghost_necromancy,
          st_stairs_1, minmay_misc_feat_nine_boxes
D:6:      layout_loops_ring, enter_ossuary_4, skrybe_limestone_x

Skill      XL: |  1  2  3  4  5 |
---------------+----------------+-----
Stealth        | 7 |  7.8
Axes           | 3 |  3.4
Dodging        | 3 |  3.4
Fighting       | 4 |  4.1

Action                   |  1- 3 |  4- 6 || total
-------------------------+-------+-------++-------
Melee: Hand axe          |    10 |    40 ||    50
       Constrict         |     2 |     7 ||     9
       Tentacles         |     3 |     9 ||    12
  Use: Scroll            |       |     1 ||     1
       Potion            |       |     3 ||     3
 Stab: Fleeing           |       |     1 ||     1
       Sleeping          |       |     1 ||     1
Armor: Skin              |     2 |       ||     2
Dodge: Dodged            |     7 |    33 ||    40
